 Dungeon Crawl Stone Soup version 0.31-a0-455-g1a7b003ef0 (webtiles) character file.

Game seed: 1362491246853678069

172 Newt the Trooper (level 5, -1/35 HPs)
             Began as a Kobold Hexslinger on Aug 3, 2023.
             Succumbed to a scorpion's poison
             ... on level 5 of the Dungeon.
             The game lasted 00:02:03 (2609 turns).

Newt the Trooper (Kobold Hexslinger)                Turns: 2609, Time: 00:02:04

Health: -1/35      AC:  3    Str:  5    XL:     5   Next: 83%
Magic:  6/6        EV: 15    Int: 15    God:
Gold:   74         SH:  0    Dex: 19    Spells: 5/6 levels left

rFire   + . .        a - +1 sling
rCold   + . .        (no shield)
rNeg    . . .        c - +0 robe
rPois   +            (no helmet)
rElec   +            j - +0 cloak
rCorr   +            (no gloves)
SInv    .            (no boots)
Will    .....        (no amulet)
Stlth   ++           (no ring)
HPRegen 0.25/turn    (no ring)
MPRegen 0.10/turn

%: no passive effects
@: lethally poisoned (-1 -> -11), silenced, resistant
A: small, no large weapons, nightstalker 3
a: no special abilities


You were on level 5 of the Dungeon.
You visited 1 branch of the dungeon, and saw 5 of its levels.

You collected 74 gold pieces.

Inventory:

Hand Weapons
 a - a +1 sling (weapon)
Armour
 c - a +0 robe (worn)
 j - a +0 cloak (worn)
Scrolls
 b - a scroll of poison
Potions
 e - a potion of might
 f - 2 potions of enlightenment
 h - a potion of heal wounds


   Skills:
 - Level 5.0 Fighting
 + Level 4.3 Ranged Weapons
 - Level 2.4 Dodging
 - Level 1.1 Spellcasting
 - Level 3.0 Hexes


You had 5 spell levels left.
You knew the following spells:

 Your Spells              Type           Power      Damage    Failure   Level
a - Slow                  Hex            36%        N/A       7%          1

Your spell library contained the following spells:

 Spells                   Type           Power      Damage    Failure   Level
 Scorch                   Fire           0%         2d5       36%         2
 Inner Flame              Hex/Fire       5%         N/A       36%         3
 Portal Projectile        Hex/Tloc       10%        N/A       36%         3
 Cause Fear               Hex            4%         N/A       56%         4
 Flame Wave               Conj/Fire      0%         2d4       94%         4
 Summon Cactus Giant      Summ           0%         N/A       100%        6


Dungeon Overview and Level Annotations

Branches:
Dungeon (6/15)
 Temple: D:4-7

Altars:

Annotations:
D:2 1 runed translucent door, Crazy Yiuf
D:5 Grinder


Innate Abilities, Weirdness & Mutations

You are small and have problems with some larger weapons.
You are completely attuned to the shadows.


Message History

The sling bullet hits the adder.
The adder is moderately wounded.
You feel sick.
You are no longer poisoned.
The scorpion stings you but does no damage.
You shoot a sling bullet.
The sling bullet hits the scorpion but does no damage.
The scorpion is moderately wounded.
The scorpion stings you.
* * * LOW HITPOINT WARNING * * *
You are lethally poisoned!
The scorpion poisons you!
Grinder blinks!
The scorpion stings you but does no damage.
You shoot a sling bullet.
The sling bullet hits the scorpion but does no damage.
The scorpion is moderately wounded.
* * * LOW HITPOINT WARNING * * *
You feel very sick.
The scorpion stings you but does no damage.
Unknown command.
It was a potion of curing.
You feel better. The scorpion stings you.
* * * LOW HITPOINT WARNING * * *
It was a potion of resistance.
You feel protected. The scorpion stings you.
* * * LOW HITPOINT WARNING * * *
You are lethally poisoned!
The scorpion poisons you!
Grinder blinks!
Unknown command.
You shoot a sling bullet.
The sling bullet hits the scorpion but does no damage.
The scorpion is moderately wounded.
* * * LOW HITPOINT WARNING * * *
You feel very sick. The scorpion stings you.
* * * LOW HITPOINT WARNING * * *
Grinder blinks!
The scorpion closely misses you.
You shoot a sling bullet. The sling bullet hits the scorpion.
The scorpion is moderately wounded.
You die...

.### ...## #######).##
#########....#....####
.....>....##......!...
..#############...#/##
...... ##S## # ..###.
#s# ..# #@# #.# #.#
#ยง# #.# #.# #.. #.#
### #.# #.# #.# #.#


You could see a scorpion and an adder.

Vanquished Creatures
  A phantom (D:5)
  5 adders (D:2)
  A dart slug (D:1)
  3 orcs (D:2)
  7 endoplasms
  2 giant cockroaches (D:2)
  6 goblins
  5 hobgoblins (D:1)
  4 kobolds
  2 quokkas
  4 ball pythons
  3 bats (D:1)
  A frilled lizard (D:1)
  4 rats
48 creatures vanquished.

Notes
Turn   | Place    | Note
-------+----------+-------------------------------------------
     0 | D:1      | Newt the Kobold Hexslinger began the quest for the Orb.
     0 | D:1      | Reached XP level 1. HP: 12/12 MP: 2/2
    88 | D:1      | Reached skill level 2 in Fighting
    88 | D:1      | Reached XP level 2. HP: 17/17 MP: 3/3
   269 | D:1      | Found a faded altar of an unknown god.
   392 | D:1      | Reached skill level 3 in Fighting
   392 | D:1      | Reached XP level 3. HP: 23/23 MP: 4/4
   941 | D:2      | Reached XP level 4. HP: 20/29 MP: 5/5
  1043 | D:2      | Reached skill level 4 in Fighting
  1860 | D:2      | Found a runed translucent door.
  1863 | D:2      | Noticed Crazy Yiuf
  2164 | D:2      | Reached XP level 5. HP: 10/34 MP: 6/6
  2506 | D:3      | You fall into a shaft and drop 3 floors!
  2517 | D:5      | Entered Level 5 of the Dungeon
  2526 | D:5      | Noticed a phantom
  2537 | D:5      | Killed a phantom
  2538 | D:5      | Reached skill level 5 in Fighting
  2591 | D:5      | Noticed Grinder
  2609 | D:5      | Succumbed to a scorpion's poison

Illustrated notes

Levels and vault maps discovered:
D:1:      nzn_arrival_crosshair, layout_loops_cross,
          hellmonk_ecumenical_altar_prayer_group
D:2:      layout_loops_corners, uniq_crazy_yiuf_cottage
D:3:      layout_basic, zin_purify, portal_sewer_entry_e
D:5:      layout_loops_ring, minmay_temple_entry_butterflies,
          gammafunk_ghost_gnarly_gnolls, minmay_misc_feat_rugged,
          dk_noncrumbling_2, minmay_misc_feat_iff, kennysheep_nub,
          kennysheep_generic_room_13, uniq_grinder, uniq_eustachio
D:6:      minmay_spotlight, layout_cave_pools

Skill      XL: |  1  2  3  4  5 |
---------------+----------------+-----
Fighting       | 2 3 4 5 |  5.0
Ranged Weapons | 4 |  4.3
Dodging        | |  2.4
Spellcasting   | |  1.1
Hexes          | |  3.0

Action                     |  1- 3 |  4- 6 || total
---------------------------+-------+-------++-------
   Fire: Sling             |    86 |    85 ||   171
    Use: Scroll            |     3 |     4 ||     7
         Potion            |       |     2 ||     2
 Armour: Robe              |     7 |    11 ||    18
  Dodge: Dodged            |    36 |    55 ||    91

Table legend: (Time is in decaauts)
 A = Elapsed time spent in this place.
 B = Non-inter-level travel time spent in this place.
 C = Inter-level travel time spent in this place.
 D = Time resting spent in this place.
 E = Time spent auto-exploring this place.
 F = Levels seen in this place.
 G = Mean time per level.
                   A        B        C        D        E       F      G
               +--------+--------+--------+--------+--------+-----+--------+
         Total |   2653 |   2552 |    101 |    296 |   1918 |   5 |  530.6 |
       Dungeon |   2653 |   2552 |    101 |    296 |   1918 |   5 |  530.6 |
               +--------+--------+--------+--------+--------+-----+--------+

Top non-repeatable levels by time:
     D:2: 1628 daAuts
     D:1: 868 daAuts
     D:5: 96 daAuts
     D:3: 48 daAuts
     D:6: 10 daAuts
